 Dungeon Crawl Stone Soup version 0.32-a0-120-gfac0567ad4 (webtiles) character file.

Game seed: 5535959617603975289

87925 CougarLife the Brawler (level 15, -3/152 HPs)
             Began as a Troll Fighter on Feb 6, 2024.
             Was a Believer of Uskayaw.
             Succumbed to a fenstrider witch's poison
             ... on level 1 of the Swamp.
             The game lasted 00:49:05 (21830 turns).

CougarLife the Brawler (Troll Fighter)             Turns: 21830, Time: 00:49:06

Health: -3/152     AC: 15    Str: 35    XL:     15   Next: 45%
Magic:  21/21      EV: 13    Int:  6    God:    Uskayaw [**....]
Gold:   1740       SH: 15    Dex:  9    Spells: 14/14 levels left

rFire   + +          .
                       - Unarmed
rCold   + . .        b - +0 kite shield
rNeg    . . .        E - +1 fire dragon scales
rPois   .            (helmet restricted)
rElec   +            M - +0 cloak {Will+}
rCorr   .            (gloves unavailable)
SInv    .            (boots unavailable)
Will    +++..        D - amulet of reflection Stlth
                     T - ring of Yendor {rElec rC+ Will+ Str+3}
HPRegen 1.25/turn    O - +5 ring of evasion
MPRegen 0.17/turn

%: reflection
@: lethally poisoned (-3 -> -37), hasted, studying Armour, very quick
A: large, unfitting armour, claws 3, regeneration 1, shaggy fur 1, tough skin 1,
cold resistance 1
a: Renounce Religion, Stomp, Line Pass


You were on level 1 of the Swamp.
You worshipped Uskayaw.
Uskayaw was aware of your devotion.
You visited 5 branches of the dungeon, and saw 24 of its levels.

You collected 2921 gold pieces.
You spent 1181 gold pieces at shops.

Inventory:

Missiles
 a - 23 large rocks (quivered)
 l - a throwing net
 n - 18 poisoned darts
 u - 16 boomerangs
Armour
 b - a +0 kite shield (worn)
 E - +1 fire dragon scales (worn)
 M - a +0 cloak of willpower (worn)
Jewellery
 g - a ring of positive energy
 r - a ring of willpower
 x - the ring of Lujuof Seotz {Fly Int+3}
   (You found it on level 5 of the Dungeon)

   [ring of flight]

   Int+3:     It affects your intelligence (+3).
   Fly:       It grants you flight.
 D - an amulet of reflection (around neck)
 G - a ring of protection from fire
 O - a +5 ring of evasion (right claw)
 T - the ring of Yendor (left claw) {rElec rC+ Will+ Str+3}
   (You bought it in a shop on level 2 of the Orcish Mines)

   [ring of protection from cold]

   Str+3:     It affects your strength (+3).
   rC+:       It protects you from cold.
   rElec:     It insulates you from electricity.
   Will+:     It increases your willpower.
Wands
 d - a wand of iceblast (15)
 p - a wand of paralysis (22)
 z - a wand of polymorph (9)
 F - a wand of digging (2)
 I - a wand of mindburst (3)
 R - a wand of flame (29)
Scrolls
 e - 6 scrolls of teleportation
 h - 4 scrolls of fog
 i - 3 scrolls of noise
 k - 2 scrolls of silence
 q - 4 scrolls of revelation
 t - 2 scrolls of vulnerability
 B - 9 scrolls of poison
 C - 4 scrolls of immolation
 H - 3 scrolls of fear
 J - 2 scrolls of summoning
 L - 2 scrolls of blinking
Potions
 c - 6 potions of might
 j - 14 potions of curing
 m - 8 potions of mutation
 o - 3 potions of berserk rage
 s - 2 potions of enlightenment {unknown}
 v - a potion of magic
 w - a potion of cancellation
 A - 4 potions of lignification
 K - 2 potions of ambrosia {unknown}
 N - a potion of invisibility {unknown}
 P - 3 potions of attraction
 Q - a potion of resistance {unknown}
 S - 2 potions of heal wounds


   Skills:
 - Level 10.7 Fighting
 - Level 10.0 Throwing
 + Level 8.6 Armour
 - Level 3.6 Dodging
 - Level 9.0 Shields
 - Level 16.0 Unarmed Combat
 * Level 9.7 Invocations


You had 14 spell levels left.
You didn't know any spells.
Your spell library contained the following spells:

 Spells                   Type           Power      Damage    Failure   Level
 Freeze                   Ice            0%         1d3       83%         1
 Slow                     Hex            0%         N/A       83%         1
 Scorch                   Fire           0%         2d5       92%         2
 Confusing Touch          Hex            0%         N/A       99%         3
 Frozen Ramparts          Ice            0%         1d1       99%         3
 Hailstorm                Conj/Ice       0%         3d5       99%         3
 Sigil of Binding         Hex            0%         N/A       99%         3
 Vampiric Draining        Necr           0%         2d6       99%         3
 Flame Wave               Conj/Fire      0%         2d4       100%        4
 Olgreb's Toxic Radiance  Alch           0%         N/A       100%        4
 Summon Forest            Summ/Tloc      0%         N/A       100%        5
 Summon Mana Viper        Hex/Summ       0%         N/A       100%        5
 Eringya's Noxious Bog    Alch           0%         4d6       100%        6
 Summon Cactus Giant      Summ           0%         N/A       100%        6
 Ozocubu's Refrigeration  Ice            0%         4d7       100%        7
 Summon Hydra             Summ           0%         N/A       100%        7
 Discord                  Hex            0%         N/A       100%        8


Dungeon Overview and Level Annotations

Branches:
Dungeon (15/15)            Temple (1/1) D:4            Lair (5/5) D:8
  Swamp (1/4) Lair:2        Snake (0/4) Lair:2        Slime (0/5) Lair:4
    Orc (2/2) D:12            Elf (0/3) Orc:2        Vaults (0/5) D:13
 Depths (0/4) D:15

Altars:
Ashenzari
Cheibriados
Dithmenos
Elyvilon
Fedhas
Gozag
Hepliaklqana
Kikubaaqudgha
Makhleb
Nemelex Xobeh
Okawaru
Qazlal
Ru
Sif Muna
Trog
Uskayaw
Vehumet
Wu Jian
Xom
Yredelemnul
Zin
The Shining One
Jiyva

Shops:
D:7 *   Orc:2 [!:=

Annotations:
Lair:4 1 runed translucent door, Netol's ghost, journeyman DsEn


Innate Abilities, Weirdness & Mutations

You are too large for most types of armour.
You have claws for hands.
Your natural rate of healing is unusually fast.
You are covered in fur. (AC +1)
You have tough skin. (AC +1)
Your flesh is cold resistant. (rC+)


Message History

You feel extremely sick.
Throw: 24 large rocks
Press: ? - help, Q - select action, (/) - cycle Shift-Dir - straight line, f/p - fenstrider witch
Aim: a fenstrider witch, wearing a +0 robe (48% to hit)
You throw a large rock.
The large rock closely misses the fenstrider witch.
The large rock barely misses the swamp dragon.
The large rock hits the swamp dragon!!
The swamp dragon is heavily wounded.
You hear a splash.
You are engulfed in poison gas.
You are more poisoned.
You feel extremely sick.
You miss the fenstrider witch.
You are engulfed in poison gas.
You are more poisoned.
* * * LOW HITPOINT WARNING * * *
You feel extremely sick. The fenstrider witch hits you!
* * * LOW HITPOINT WARNING * * *
You block the fenstrider witch's attack.
You feel better.
You are engulfed in poison gas.
You are poisoned.
* * * LOW HITPOINT WARNING * * *
You feel very sick.
The fenstrider witch closely misses you.
You block the fenstrider witch's attack.
The fenstrider witch casts a spell at you.
You resist with almost no effort.
You feel much better.
You feel sick.
The fenstrider witch casts a spell at you.
The toxic sludge hits you!!
You are more poisoned.
* * * LOW HITPOINT WARNING * * *
Splash!
You fall into the toxic bog.
You feel yourself speed up.
You fester in the toxic bog!!
You are lethally poisoned!
* * * LOW HITPOINT WARNING * * *
You die...
Your body falls in perfect tune with the rhythm.

♣♣♣♣♣......°.≈##
♣♣♣~~♣~.....~.°~#
♣♣~...~D..~~§♣~~○°D
♣.§~.†☼..~~~♣♣~~~#D
♣~~~..D.~...~♣♣♣≈#
♣~~~.☼♣♣..~~~~♣♣≈≈
♣♣..~♣♣♣~.~~~..~♣
♣~~♣♣♣♣..~~.§~..
♣..@HD~.(§~.~~~.
♣..D~....~~~~~§♣
♣♣.~§~...~~~.~~.§
♣.~~~~~~.~§~..~..
♣.§~.§†.♣♣♣♣.....
♣~~...♣♣♣ ♣♣♣♣♣
♣~~~..♣ ♣~.~~.♣
♣♣♣♣
♣♣..§~♣♣.~~§♣♣♣♣♣


You could see 2 swamp dragons and a fenstrider witch.

Vanquished Creatures
  An eleionoma (Lair:2)
  An ettin (Orc:1)
  Josephine (D:11)
  2 fire dragons (D:15)
  A hydra (Lair:4)
  An alligator (Swamp:1)
  2 centaur warriors
  2 ogre magi
  5 catoblepae
  7 two-headed ogres
  3 boulder beetles
  A death knight (D:15)
  The ghost of ShellytheWitch the Thaumaturge, a journeyman DECj of Sif Muna (Lair:1)
  2 tengu warriors (D:13)
  5 death yaks (Lair:5)
  4 occultists (D:14)
  An orc high priest (Orc:1)
  5 skeletal warriors
  Lodul (D:11)
  A goliath frog (Swamp:1)
  A swamp dragon (Swamp:1)
  4 arcanists
  A lindwurm (D:13)
  An orc knight (Orc:1)
  A salamander (Lair:2)
  11 orc sorcerers
  A wolf spider (D:15)
  4 cyclopes
  4 ugly things
  6 manticores
  Maurice (D:8)
  20 elephants
  3 black mambas
  2 gargoyles
  6 cane toads
  4 rime drakes
  11 komodo dragons
  2 tengu conjurers (D:13)
  2 freezing wraiths (D:15)
  Psyche (D:12)
  2 trolls
  A polar bear (Lair:2)
  Prince Ribbit (D:6)
  A hornet (D:8)
  A raiju (shapeshifter) (D:13)
  9 blink frogs
  6 slime creatures
  4 wyverns
  5 wraiths
  A vampire (D:11)
  A basilisk (Lair:1)
  61 yaks
  Grum (D:11)
  8 vampire mosquitoes
  9 steam dragons
  4 wargs (Orc:1)
  2 nagas (Lair:2)
  Edmund (D:6)
  A swamp worm (Swamp:1)
  10 water moccasins
  2 black bears
  16 orc warriors
  4 ice beasts
  3 sky beasts (D:6)
  A crocodile (shapeshifter) (D:13)
  2 laughing skulls (D:14)
  25 wolves
  20 ogres
  7 centaurs
  4 boggarts (D:15)
  4 phantoms
  A kobold brigand (D:10)
  16 bullfrogs
  5 scorpions
  A gnoll sergeant (D:8)
  A burial acolyte (D:8)
  10 wights (D:7)
  38 killer bees
  7 howler monkeys
  An electric eel (Orc:1)
  A bombardier beetle (D:3)
  5 hounds
  A gnoll bouda (D:6)
  Crazy Yiuf (D:5)
  7 jellies
  9 orc priests
  A sleepcap (D:6)
  4 iguanas
  36 orc wizards
  A hound zombie (D:8)
  A boggart simulacrum (D:15)
  11 gnolls
  7 adders
  2 shadow imps (D:8)
  2 white imps
  2 ufetubi (D:5)
  2 adder zombies (D:8)
  6 dart slugs
  3 ribbon worms
  54 orcs
  9 ball pythons
  6 bats
  14 endoplasms
  2 giant cockroaches
  2 gnoll zombies (D:8)
  7 goblins
  11 hobgoblins
  4 jackals (D:1)
  4 quokkas
  4 frilled lizards
  11 kobolds
  2 kobold zombies (D:8)
  6 rats
668 creatures vanquished.

Vanquished Creatures (others)
  A boggart (D:15)
  An orc priest (Orc:1)
  2 orc wizards (Orc:2)
4 creatures vanquished.

Grand Total: 672 creatures vanquished

Notes
Turn   | Place    | Note
-------+----------+-------------------------------------------
     0 | D:1      | CougarLife the Troll Fighter began the quest for the Orb.
     0 | D:1      | Reached XP level 1. HP: 22/22 MP: 0/0
   158 | D:1      | Reached XP level 2. HP: 29/29 MP: 1/1
   415 | D:1      | Reached XP level 3. HP: 34/36 MP: 2/2
   775 | D:2      | Found a broken altar of Ashenzari.
   871 | D:2      | Reached skill level 3 in Unarmed Combat
   871 | D:2      | Reached XP level 4. HP: 42/44 MP: 3/3
  1939 | D:3      | Found a burning altar of Makhleb.
  1990 | D:3      | Noticed a black bear
  1997 | D:3      | Killed a black bear
  1998 | D:3      | Reached skill level 4 in Unarmed Combat
  1998 | D:3      | Reached XP level 5. HP: 42/50 MP: 4/4
  2103 | D:3      | Reached skill level 5 in Unarmed Combat
  2476 | D:4      | Noticed an ogre
  2485 | D:4      | Killed an ogre
  2486 | D:4      | Reached XP level 6. HP: 59/59 MP: 5/5
  2519 | D:4      | Reached skill level 6 in Unarmed Combat
  2581 | D:4      | Found a staircase to the Ecumenical Temple.
  2674 | Temple   | Entered the Ecumenical Temple
  2795 | D:4      | Found a glowing golden altar of the Shining One.
  3003 | D:5      | Entered Level 5 of the Dungeon
  3039 | D:5      | Reached XP level 7. HP: 66/66 MP: 6/6
  3041 | D:5      | Reached skill level 7 in Unarmed Combat
  3144 | D:5      | Reached skill level 8 in Unarmed Combat
  3219 | D:5      | Identified the ring of Lujuof Seotz {Fly Int+3}
  3280 | D:5      | Found a runed translucent door.
  3281 | D:5      | Noticed Crazy Yiuf
  3608 | D:5      | Killed Crazy Yiuf
  3663 | D:6      | Noticed Prince Ribbit
  3677 | D:6      | Killed Prince Ribbit
  3678 | D:6      | Reached skill level 9 in Unarmed Combat
  3678 | D:6      | Reached XP level 8. HP: 26/74 MP: 7/7
  3774 | D:6      | Noticed Edmund
  3789 | D:6      | Killed Edmund
  3790 | D:6      | Reached skill level 5 in Fighting
  3880 | D:6      | Reached XP level 9. HP: 82/89 MP: 8/8
  4104 | D:6      | Found a blossoming altar of Fedhas.
  4872 | D:7      | Found Nustroith's Neck Hole.
  5040 | D:7      | Reached skill level 1 in Throwing
  5287 | D:7      | Reached XP level 10. HP: 90/104 MP: 9/9
  5789 | D:8      | Reached skill level 5 in Throwing
  5963 | D:8      | Found an ancient bone altar of Kikubaaqudgha.
  5981 | D:8      | Paralysed by a hornet for 2 turns
  5989 | D:8      | Paralysed by a hornet for 3 turns
  6074 | D:8      | Noticed Maurice
  6079 | D:8      | Killed Maurice
  6220 | D:8      | Found a staircase to the Lair.
  6381 | D:8      | Noticed a two-headed ogre
  6394 | D:8      | Killed a two-headed ogre
  6479 | D:8      | Reached skill level 10 in Unarmed Combat
  6867 | Lair:1   | Entered Level 1 of the Lair of Beasts
  7027 | D:9      | Found a snail-covered altar of Cheibriados.
  7572 | D:10     | Entered Level 10 of the Dungeon
  7580 | D:10     | Found a hide-covered altar of Uskayaw.
  7583 | D:10     | Found a white marble altar of Elyvilon.
  7583 | D:10     | Noticed a two-headed ogre
  7599 | D:10     | Killed a two-headed ogre
  7600 | D:10     | Reached skill level 11 in Unarmed Combat
  7600 | D:10     | Reached XP level 11. HP: 64/111 MP: 10/10
  7607 | D:10     | Found a shimmering blue altar of Sif Muna.
  7611 | D:10     | Became a worshipper of Uskayaw the Reveller
  7669 | D:10     | Found a hazy altar of Hepliaklqana.
  7726 | D:10     | Found a sacrificial altar of Ru.
  7726 | D:10     | Found the +5 Force Lance {heavy, knockback}
  7728 | D:10     | Reached * piety under Uskayaw
  7730 | D:10     | Reached ** piety under Uskayaw
  7775 | D:10     | Reached *** piety under Uskayaw
  7778 | D:10     | Reached **** piety under Uskayaw
  7787 | D:10     | Reached ***** piety under Uskayaw
  7788 | D:10     | Reached skill level 5 in Shields
  8121 | D:11     | Noticed Grum
  8135 | D:11     | Killed Grum
  8143 | D:11     | Noticed a boulder beetle
  8161 | D:11     | Killed a boulder beetle
  8208 | D:11     | Noticed Josephine
  8223 | D:11     | Reached skill level 1 in Armour
  8233 | D:11     | Killed Josephine
  8249 | D:11     | Noticed a boulder beetle
  8267 | D:11     | Killed a boulder beetle
  8422 | D:11     | Noticed Lodul
  8426 | D:11     | Reached skill level 5 in Armour
  8432 | D:11     | HP: 3/111 [Lodul/+0 dire flail (30)]
  8440 | D:11     | Killed Lodul
  9110 | Lair:1   | Reached XP level 12. HP: 80/119 MP: 11/11
  9437 | Lair:1   | Reached ****** piety under Uskayaw
  9439 | Lair:1   | Reached skill level 12 in Unarmed Combat
  9570 | Lair:1   | Found a runed translucent door.
  9909 | Lair:1   | Reached skill level 13 in Unarmed Combat
  9996 | Lair:1   | Noticed ShellytheWitch's ghost (journeyman DECj)
 10191 | Lair:1   | Killed ShellytheWitch's ghost
 10278 | Lair:2   | Found a staircase to the Swamp.
 10278 | Lair:2   | Noticed an eleionoma
 10288 | Lair:2   | Killed an eleionoma
 10289 | Lair:2   | Reached skill level 10 in Throwing
 10336 | Lair:2   | Noticed a catoblepas
 10366 | Lair:2   | Killed a catoblepas
 10671 | Lair:2   | Reached XP level 13. HP: 58/127 MP: 12/12
 11163 | Lair:2   | Found a staircase to the Snake Pit.
 11451 | Lair:3   | Reached skill level 1 in Invocations
 12188 | Lair:3   | Reached skill level 14 in Unarmed Combat
 12632 | Lair:4   | Found a staircase to the Slime Pits.
 12633 | Lair:4   | Found a viscous altar of Jiyva.
 12774 | Lair:4   | Identified the +6 trident of Manoz {freeze, Fly}
 12775 | Lair:4   | Found a runed translucent door.
 12777 | Lair:4   | Noticed Netol's ghost (journeyman DsEn)
 13241 | Lair:5   | Entered Level 5 of the Lair of Beasts
 13265 | Lair:5   | Found a snail-covered altar of Cheibriados.
 13572 | Lair:4   | Reached skill level 15 in Unarmed Combat
 13573 | Lair:4   | Reached skill level 5 in Invocations
 13975 | Lair:5   | Reached XP level 14. HP: 136/136 MP: 16/16
 14970 | D:12     | Reached skill level 16 in Unarmed Combat
 15159 | D:12     | Found a staircase to the Orcish Mines.
 15446 | D:12     | Noticed Psyche
 15453 | D:12     | Killed Psyche
 15598 | Orc:1    | Entered Level 1 of the Orcish Mines
 16163 | Orc:1    | Identified the +8 quarterstaff "Hafirr" {venom, *Noise
                  | rElec rF+ Dex+3}
 16618 | Orc:2    | Entered Level 2 of the Orcish Mines
 17094 | Orc:2    | Found a staircase to the Elven Halls.
 17523 | Orc:2    | Found Uryn's Distillery.
 17547 | Orc:2    | Found Jaty's Antique Armour Shoppe.
 17599 | Orc:2    | Bought a potion of heal wounds for 55 gold pieces
 17599 | Orc:2    | Bought 2 potions of heal wounds for 110 gold pieces
 17612 | Orc:2    | Found an ancient bone altar of Kikubaaqudgha.
 17707 | Orc:2    | Found a radiant altar of Vehumet.
 17809 | Orc:2    | Found Fish's Book Shoppe.
 17813 | Orc:2    | Gained mutation: Your flesh is cold resistant. (rC+) [a
                  | neqoxec]
 17863 | Orc:2    | Found Anafeu's Jewellery Shoppe.
 17874 | Orc:2    | Bought the ring of Yendor {rElec rC+ Will+ Str+3} for 763
                  | gold pieces
 18243 | Orc:2    | Bought a potion of haste for 110 gold pieces
 18243 | Orc:2    | Bought a potion of curing for 33 gold pieces
 18243 | Orc:2    | Bought a potion of curing for 33 gold pieces
 18243 | Orc:2    | Bought a potion of might for 44 gold pieces
 18243 | Orc:2    | Bought a potion of attraction for 33 gold pieces
 18465 | D:13     | Reached skill level 10 in Fighting
 18636 | D:13     | Found a gate to the Vaults.
 19922 | D:14     | Reached XP level 15. HP: 137/151 MP: 20/20
 19995 | D:14     | Identified a scroll of acquirement
 20063 | D:14     | Acquired a manual of Armour
 20179 | D:15     | Entered Level 15 of the Dungeon
 21153 | D:15     | Found a staircase to the Depths.
 21684 | Swamp:1  | Entered Level 1 of the Swamp
 21823 | Swamp:1  | Noticed a fenstrider witch
 21830 | Swamp:1  | HP: 6/152 [fenstrider witch/toxic bog (22)]
 21830 | Swamp:1  | Succumbed to a fenstrider witch's poison

Illustrated notes

Levels and vault maps discovered:
D:1:      arrival_zaba_pyramid, layout_basic
D:2:      layout_basic, basic_altar
D:3:      layout_loops_ring, amcnicky_altar_gilded
D:4:      layout_basic, general_overflow_altar,
          minmay_temple_entry_statues_fountains
D:5:      layout_cave_pools, uniq_crazy_yiuf_cottage
D:6:      layout_basic, lemuel_round_altar, minmay_misc_feat_secret_circle,
          minmay_fractal_squares_diagonal_5, uniq_edmund, uniq_prince_ribbit1
D:7:      layout_loops_ring, nicolae_shop_sticking_my_neck_out
D:8:      layout_loops_cross, regret_index_kikubaaqudgha_part_by_part,
          david_lair_shrubbed, grunt_decor_clamped, minmay_door_square,
          uniq_maurice
D:9:      layout_basic, mainiacjoe_overflow_catwalk, hangedman_decor_points
D:10:     layout_rooms, overflow_temple_1_default, grunt_temple_overflow_open,
          mainiacjoe_overflow_chevrons
D:11:     layout_rooms, uniq_lodul, uniq_josephine, uniq_grum
D:12:     layout_rooms, orc_0_dummy, serial_aquarium, aquarium_bridge_straight
          [aquarium_subvault_bridge, aquarium_subvault_window,
          aquarium_subvault_bridge, aquarium_subvault_wall],
          aquarium_window_fake, aquarium_window_1, aquarium_window_2,
          aquarium_view_2e, aquarium_view_2a, aquarium_balcony_5b, uniq_psyche
D:13:     layout_loops_ring, david_vaults_4
D:14:     minmay_wizard_corner, layout_long_grid, serial_rivers,
          chequers_serial_rivers_micro_b, chequers_serial_rivers_micro_d,
          chequers_serial_rivers_micro_e, chequers_serial_rivers_large_b,
          chequers_serial_rivers_micro_a, chequers_serial_rivers_small_a,
          minmay_variable_closet
D:15:     grunt_enter_depths_hoard, layout_irregular_city,
          small_statue_intersection
Temple:   hellmonk_temple_forest_ring
Lair:1:   wad_woods_minihive, layout_regular_city, ebering_ghost_reflecting_pool
Lair:2:   layout_chaotic_city, alex1729_swamp_entry_worm_eleionoma,
          alex1729_snake_entry_snake, bobbens_dragon_lair_wall
Lair:3:   layout_hall_layers, st_stairs_3
Lair:4:   layout_gridlike, nicolae_slime_entry_slimehenge,
          ebering_ghost_funeral_grove, infiniplex_staircase_pool_2
Lair:5:   evilmike_catoblepas_cave, layout_long_grid, basic_altar,
          chequers_serial_rivers_micro_e
Swamp:1:  layout_basic_swamp, hangedman_swamp_ruin_hall,
          nicolae_swamp_some_circles, st_swamp_mini, uniq_frances
Orc:1:    layout_caves, nicolae_orc_stony_grotto, nooodl_orcs_dogs
Orc:2:    kennysheep_orc_mage_school, layout_caves

Skill      XL: |  1  2  3  4  5  6  7  8  9 10 11 12 13 14 15 |
---------------+----------------------------------------------+-----
Dodging        | 3 |  3.6
Unarmed Combat | 3 4 5 6 9 11 13 15 16 | 16.0
Fighting       | 6 8 10 | 10.7
Shields        | 4 6 8 9 |  9.0
Throwing       | 3 7 8 10 | 10.0
Armour         | 6 8 |  8.6
Invocations    | 5 8 9 |  9.7

Action                     |  1- 3 |  4- 6 |  7- 9 | 10-12 | 13-15 || total
---------------------------+-------+-------+-------+-------+-------++-------
  Melee: Unarmed           |   105 |   109 |   225 |   605 |   921 ||  1965
  Throw: Dart              |       |     2 |     3 |    25 |    23 ||    53
         Boomerang         |       |       |       |     3 |    89 ||    92
         Large rock        |       |       |       |       |    10 ||    10
  Evoke: Wand              |       |     1 |     1 |       |       ||     2
    Use: Scroll            |       |       |    10 |     4 |    12 ||    26
         Potion            |       |       |       |     3 |     7 ||    10
   Stab: Sleeping          |     1 |       |       |       |       ||     1
         Paralysed         |       |     3 |     3 |    27 |    69 ||   102
 Armour: Robe              |    42 |    49 |   153 |   105 |       ||   349
         Fire dragon scale |       |       |       |   291 |   547 ||   838
  Dodge: Dodged            |    39 |    44 |    87 |   163 |   254 ||   587
  Block: Kite shield       |    41 |    29 |    96 |   457 |   625 ||  1248
         Reflection        |       |       |       |     9 |    25 ||    34

Table legend: (Time is in decaauts)
 A = Elapsed time spent in this place.
 B = Non-inter-level travel time spent in this place.
 C = Inter-level travel time spent in this place.
 D = Time resting spent in this place.
 E = Time spent auto-exploring this place.
 F = Levels seen in this place.
 G = Mean time per level.
                   A        B        C        D        E       F      G
               +--------+--------+--------+--------+--------+-----+--------+
         Total |  21550 |  20562 |    988 |   3023 |  11249 |  24 |  897.9 |
       Dungeon |  12876 |  12335 |    541 |   1565 |   7900 |  15 |  858.4 |
        Temple |      1 |      1 |      0 |      0 |      0 |   1 |    1.0 |
          Lair |   5877 |   5587 |    290 |   1018 |   2382 |   5 | 1175.4 |
         Swamp |    141 |    141 |      0 |     30 |     33 |   1 |  141.0 |
  Orcish Mines |   2653 |   2498 |    155 |    410 |    934 |   2 | 1326.5 |
               +--------+--------+--------+--------+--------+-----+--------+

Top non-repeatable levels by time:
     D:8: 1662 daAuts
   Orc:2: 1604 daAuts
  Lair:5: 1418 daAuts
  Lair:1: 1376 daAuts
  Lair:2: 1211 daAuts
    D:15: 1204 daAuts
    D:14: 1068 daAuts
   Orc:1: 1049 daAuts
  Lair:4: 946 daAuts
     D:2: 928 daAuts
    D:13: 927 daAuts
  Lair:3: 925 daAuts
     D:6: 879 daAuts
     D:7: 809 daAuts
     D:1: 778 daAuts
